 Dungeon Crawl Stone Soup version 0.30-a0-304-gdc4b735fe1 (webtiles) character file.

Game seed: 2132639085400946550

2641 garrulousMonolith the Carver (level 9, -3/106 HPs)
             Began as a Gnoll Reaver on Oct 21, 2022.
             Was an Initiate of Cheibriados.
             Slain by a killer bee (4 damage)
             ... on level 7 of the Dungeon.
             The game lasted 00:13:08 (6694 turns).

garrulousMonolith the Carver (Gnoll Reaver)         Turns: 6694, Time: 00:13:09

Health: -3/106     AC: 24    Str: 12    XL:     9   Next: 61%
Magic:  14/19      EV:  2    Int: 18    God:    Cheibriados [......]
Gold:   360        SH:  5    Dex: 12    Spells: 4/21 levels left

rFire   . . .      SeeInvis .    a - +0 falchion (venom)
rCold   . . .      Faith    .    (no shield)
rNeg    . . .      Spirit   .    (body armour currently unavailable)
rPois   +          Reflect  +    (helmet currently unavailable)
rElec   .          Harm     .    (cloak currently unavailable)
rCorr   .          Rampage  .    (gloves currently unavailable)
Will    .....      NoTele   +    (boots currently unavailable)
Stlth   +++.......               s - amulet of reflection
HPRegen 0.37/turn                (no ring)
MPRegen 0.16/turn                (no ring)

@: lethally poisoned (-3 -> -9), tree-form, very slightly contaminated, very
slow
A: stationary, stasis, torment immunity, boosted hp, (fangs 1), strong nose,
distributed training
a: Renounce Religion


You were on level 7 of the Dungeon.
You worshipped Cheibriados.
Cheibriados was noncommittal.
You were a tree.
You visited 1 branch of the dungeon, and saw 7 of its levels.

You collected 360 gold pieces.

Inventory:

Hand Weapons
 a - a +0 falchion of venom (weapon)
 k - a +1 dagger of venom
Missiles
 h - 11 poisoned darts (quivered)
 n - 4 boomerangs
 D - 2 throwing nets
Armour
 d - a +0 helmet (melded)
 e - a +0 pair of boots (melded)
 f - a +0 plate armour of cold resistance
 m - the +5 robe of Calculation (melded) {Contam Int+2 Archmagi}
   (You found it on level 2 of the Dungeon)

   Int:       It affects your intelligence (+2).
   Contam:    It causes magical contamination when unequipped.
   Archmagi:  It increases the power of your magical spells.
 p - a +2 cloak (melded)
 v - a +0 pair of gloves
Magical Staves
 i - a staff of air
Jewellery
 j - a +6 ring of intelligence
 s - an amulet of reflection (around neck)
 t - an amulet of magic regeneration
 C - a ring of wizardry
 E - a +4 ring of evasion
Wands
 g - a wand of flame (21)
 u - a wand of charming (3)
Scrolls
 b - a scroll of fog
 c - a scroll of identify
 y - a scroll of enchant armour
 z - 4 scrolls of teleportation
Potions
 l - a potion of magic
 q - 2 potions of lignification
 x - 2 potions of haste


   Skills:
 + Level 6.5 Fighting
 + Level 4.6 Short Blades
 + Level 8.1 Long Blades
 + Level 4.6 Axes
 + Level 4.6 Maces & Flails
 + Level 4.6 Polearms
 + Level 4.6 Staves
 + Level 4.6 Ranged Weapons
 + Level 4.6 Throwing
 + Level 4.6 Armour
 + Level 6.5 Dodging
 + Level 4.6 Stealth
 + Level 4.6 Shields
 + Level 4.6 Unarmed Combat
 + Level 6.9 Spellcasting
 + Level 6.7 Conjurations
 + Level 3.8 Hexes
 + Level 3.8 Summonings
 + Level 3.8 Necromancy
 + Level 3.8 Translocations
 + Level 3.8 Transmutations
 + Level 3.8 Fire Magic
 + Level 3.8 Ice Magic
 + Level 3.8 Air Magic
 + Level 3.8 Earth Magic
 + Level 3.8 Poison Magic
 + Level 5.0 Invocations
 + Level 4.6 Evocations


You had 4 spell levels left.
You knew the following spells:

 Your Spells              Type           Power      Damage    Failure   Level
a - Kiss of Death         Conj/Necr      100%       2d13      1%          1
b - Momentum Strike       Conj/Tloc      50%        3d9       1%          2
c - Hailstorm             Conj/Ice       25%        3d7       3%          3
d - Tukima's Dance        Hex            19%        N/A       7%          3
e - Apportation           Tloc           38%        N/A       2%          1
f - Spider Form           Tmut/Pois      19%        N/A       7%          3
g - Passage of Golubria   Tloc           19%        N/A       22%         4

Your spell library contained the following spells:

 Spells                   Type           Power      Damage    Failure   Level
 Beastly Appendage        Tmut           38%        N/A       2%          1
 Necrotise                Necr           76%        1d7       2%          1
 Summon Small Mammal      Summ           76%        N/A       2%          1
 Wereblood                Tmut           19%        N/A       3%          2
 Gell's Gravitas          Tloc           19%        N/A       7%          3
 Lesser Beckoning         Tloc           38%        N/A       7%          3
 Summon Guardian Golem    Hex/Summ       19%        N/A       7%          3
 Teleport Other           Tloc           19%        N/A       7%          3
 Animate Dead             Necr           19%        N/A       22%         4
 Borgnjor's Vile Clutch   Necr/Erth      9%         N/A       54%         5
 Yara's Violent Unravell  Hex/Tmut       9%         3d6       54%         5
 Death Channel            Necr           9%         N/A       98%         6
 Dispersal                Tloc           9%         N/A       98%         6
 Orb of Destruction       Conj           15%        9d7       99%         7
 Spellforged Servitor     Conj/Summ      12%        N/A       100%        7


Dungeon Overview and Level Annotations

Branches:
Dungeon (7/15)
 Temple: D:4-7

Altars:
Cheibriados
Dithmenos
Hepliaklqana
Okawaru
Qazlal
Trog
Yredelemnul
The Shining One

Shops:
D:2 *


Innate Abilities, Weirdness & Mutations

You are a tree.
Your roots penetrate the ground, keeping you stationary.
You cannot be teleported.
You are immune to unholy pain and torment.
Your maximum health is greatly increased.
Your equipment is partially melded.
((You have very sharp teeth.))
Your uncanny sense of smell can sniff out nearby items.
Your experience applies equally to all skills.


Message History

The killer bee stings you but does no damage.
Really quaff the potion of lignification?
You turn into a tree.
Your +2 cloak melds into your body.
Your +0 helmet melds into your body.
Your +0 pair of boots melds into your body.
The +5 robe of Calculation {Contam Int+2 Archmagi} melds into your body.
Your roots penetrate the ground.
* * * LOW HITPOINT WARNING * * *
You feel sick.
You kill Pikel!
Cheibriados appreciates the change of pace.
With Pikel's spell broken, his former minions thank you for their freedom.
The lemure departs this earthly plane. x4
The killer bee stings you but does no damage. x2
You block the killer bee's attack. You block the white imp's attack.
The killer bee stings you but does no damage. x2
The killer bee stings you.
* * * LOW HITPOINT WARNING * * *
Your Long Blades skill increases to level 8!
Your Invocations skill increases to level 5!
Okay, then.
Casting: Passage of Golubria (dangerous; 22% risk of failure)
Confirm with . or Enter, or press ? or * to list all spells.
Okay, then.
You cannot move.
You hit the killer bee.
The killer bee is poisoned.
The killer bee is moderately wounded.
* * * LOW HITPOINT WARNING * * *
You feel sick. The killer bee barely misses you.
The killer bee stings you but does no damage. x2
The white imp gestures at you.
The puff of frost hits you but does no damage.
The killer bee stings you but does no damage. x3
You closely miss the killer bee.
The killer bee is moderately wounded.
* * * LOW HITPOINT WARNING * * *
You feel sick.
The killer bee stings you but does no damage.
The killer bee stings you.
You die...

...............
................
.....................#
......[..............# ##
.....................# #.
.....................# #.
.......)§............# #.
.......[yy...........# #.
.......y♣§...........# #.
.......5§§...........# #.
.....................###.
######....#######.##.....
#......# #...#####
#......#####._.##...
#.........##...##.##
#......##..#..###.#
#.[....###.#..###.#


You could see 3 killer bees and a white imp.

Vanquished Creatures
  Pikel (D:7)
  Grinder (D:6)
  Sigmund (D:5)
  Eustachio (D:5)
  A water moccasin (D:6)
  A sky beast (D:6)
  An ogre (D:6)
  3 phantoms
  4 scorpions
  3 electric eels (D:6)
  A howler monkey (D:4)
  Crazy Yiuf (D:2)
  2 hounds (D:5)
  4 jellies
  4 orc priests
  Jessica (D:2)
  An iguana (D:6)
  A scorpion zombie (D:4)
  7 orc wizards
  A hound zombie (D:4)
  8 gnolls
  4 adders
  A shadow imp (D:6)
  A white imp (D:7)
  A worm (D:4)
  6 dart slugs
  30 orcs
  12 ball pythons
  8 bats
  8 endoplasms
  3 giant cockroaches (D:2)
  7 goblins
  5 hobgoblins
  10 jackals
  7 kobolds
  3 rats
154 creatures vanquished.

Vanquished Creatures (collateral kills)
  A gnoll bouda (D:6)
  A gnoll (D:6)
2 creatures vanquished.

Vanquished Creatures (others)
  A dancing weapon (D:7)
  A black bear (D:6)
  An adder (D:6)
  31 plants (D:6)
34 creatures vanquished.

Grand Total: 190 creatures vanquished

Notes
Turn   | Place    | Note
-------+----------+-------------------------------------------
     0 | D:1      | garrulousMonolith the Gnoll Reaver began the quest for the
                  | Orb.
     0 | D:1      | Reached XP level 1. HP: 20/20 MP: 6/6
   205 | D:1      | Reached XP level 2. HP: 26/26 MP: 7/7
   812 | D:1      | Reached skill level 5 in Spellcasting
   812 | D:1      | Reached XP level 3. HP: 31/31 MP: 7/9
  1012 | D:1      | Learned a level 2 spell: Momentum Strike
  1131 | D:2      | Noticed Jessica
  1136 | D:2      | Killed Jessica
  1137 | D:2      | Reached skill level 1 in Short Blades
  1137 | D:2      | Reached skill level 1 in Axes
  1137 | D:2      | Reached skill level 1 in Maces & Flails
  1137 | D:2      | Reached skill level 1 in Polearms
  1137 | D:2      | Reached skill level 1 in Staves
  1137 | D:2      | Reached skill level 1 in Ranged Weapons
  1137 | D:2      | Reached skill level 1 in Throwing
  1137 | D:2      | Reached skill level 1 in Armour
  1137 | D:2      | Reached skill level 1 in Stealth
  1137 | D:2      | Reached skill level 1 in Shields
  1137 | D:2      | Reached skill level 1 in Unarmed Combat
  1137 | D:2      | Reached skill level 1 in Invocations
  1137 | D:2      | Reached skill level 1 in Evocations
  1138 | D:2      | Reached XP level 4. HP: 32/38 MP: 11/11
  1232 | D:2      | Found Erchyder's General Store.
  1291 | D:2      | Identified the +5 robe of Calculation {Contam Int+2
                  | Archmagi}
  1382 | D:2      | Reached skill level 1 in Hexes
  1382 | D:2      | Reached skill level 1 in Summonings
  1382 | D:2      | Reached skill level 1 in Necromancy
  1382 | D:2      | Reached skill level 1 in Translocations
  1382 | D:2      | Reached skill level 1 in Transmutations
  1382 | D:2      | Reached skill level 1 in Fire Magic
  1382 | D:2      | Reached skill level 1 in Ice Magic
  1382 | D:2      | Reached skill level 1 in Air Magic
  1382 | D:2      | Reached skill level 1 in Earth Magic
  1382 | D:2      | Reached skill level 1 in Poison Magic
  1540 | D:2      | Found the +3 greatsling "Punk" {acid, rCorr}
  1568 | D:2      | Found a runed translucent door.
  1569 | D:2      | Noticed Crazy Yiuf
  1597 | D:2      | Reached XP level 5. HP: 43/43 MP: 12/12
  1880 | D:2      | Killed Crazy Yiuf
  2317 | D:3      | Reached XP level 6. HP: 22/50 MP: 13/13
  2674 | D:3      | Learned a level 3 spell: Hailstorm
  2678 | D:3      | Learned a level 3 spell: Tukima's Dance
  2694 | D:4      | Reached skill level 5 in Fighting
  2694 | D:4      | Reached skill level 5 in Dodging
  2932 | D:4      | Reached skill level 7 in Long Blades
  2932 | D:4      | Reached XP level 7. HP: 48/56 MP: 15/15
  3404 | D:4      | Found a basalt altar of Yredelemnul.
  3457 | D:5      | Entered Level 5 of the Dungeon
  3485 | D:5      | Noticed Eustachio
  3523 | D:5      | Killed Eustachio
  3594 | D:5      | Learned a level 1 spell: Apportation
  3806 | D:5      | Reached XP level 8. HP: 57/63 MP: 16/16
  3956 | D:5      | Noticed Sigmund
  3964 | D:5      | Killed Sigmund
  4256 | D:5      | Found a bloodstained altar of Trog.
  4257 | D:5      | Found an iron altar of Okawaru.
  4322 | D:5      | You fall into a shaft and drop 1 floor!
  4820 | D:5      | Found a glowing golden altar of the Shining One.
  5111 | D:5      | Found a hazy altar of Hepliaklqana.
  5487 | D:6      | Reached XP level 9. HP: 32/69 MP: 18/18
  5491 | D:6      | Learned a level 3 spell: Spider Form
  5496 | D:6      | Learned a level 4 spell: Passage of Golubria
  5873 | D:6      | Found a stormy altar of Qazlal.
  5873 | D:6      | Found a shadowy altar of Dithmenos.
  5892 | D:6      | Noticed Grinder
  5893 | D:6      | Paralysed by Grinder for 5 turns
  5904 | D:6      | Paralysed by Grinder for 3 turns
  6018 | D:6      | Paralysed by Grinder for 4 turns
  6033 | D:6      | Paralysed by Grinder for 4 turns
  6043 | D:6      | Killed Grinder
  6572 | D:7      | Found a snail-covered altar of Cheibriados.
  6645 | D:7      | Became a worshipper of Cheibriados the Contemplative
  6673 | D:7      | Noticed Pikel
  6692 | D:7      | Killed Pikel
  6692 | D:7      | HP: 5/105 [killer bee (2)]
  6693 | D:7      | Reached skill level 8 in Long Blades
  6693 | D:7      | Reached skill level 5 in Invocations
  6694 | D:7      | HP: 1/106 [poisoned by a killer bee]
  6694 | D:7      | Slain by a killer bee

Illustrated notes

Levels and vault maps discovered:
D:1:      saegor_arrival_fortress, layout_loops_ring
D:2:      layout_basic, serial_shops, nicolae_shop_crystal, dk_noncrumbling_3,
          grunt_decor_clamped, uniq_jessica, uniq_crazy_yiuf_cottage
D:3:      layout_basic, wad_floor_pattern_1
D:4:      layout_rooms, lemuel_zombie_altar_yredelemnul
D:5:      kennysheep_slugbush, layout_basic, grunt_temple_overflow_bloody_war,
          tso_oasis_becter, nzn_hepliaklqana_mist_gate, grunt_ministairs_14,
          saegor_snake_ambush, uniq_sigmund, uniq_eustachio
D:6:      layout_cave_pools, gammafunk_temple_overflow_pools, serial_bayou,
          serial_bayou_lagoon_b, serial_bayou_lagoon_a, serial_bayou_lake_a,
          serial_bayou_ford_a, uniq_grinder
D:7:      layout_basic, cheibriados_altar_1, minmay_temple_entry_glassed_door,
          serial_shops, nicolae_shop_stone, uniq_pikel

Skill      XL: |  1  2  3  4  5  6  7  8  9 |
---------------+----------------------------+-----
Spellcasting   | 5 6 |  6.9
Short Blades   | 1 2 3 4 |  4.6
Axes           | 1 2 3 4 |  4.6
Maces & Flails | 1 2 3 4 |  4.6
Polearms       | 1 2 3 4 |  4.6
Staves         | 1 2 3 4 |  4.6
Ranged Weapons | 1 2 3 4 |  4.6
Throwing       | 1 2 3 4 |  4.6
Armour         | 1 2 3 4 |  4.6
Stealth        | 1 2 3 4 |  4.6
Shields        | 1 2 3 4 |  4.6
Unarmed Combat | 1 2 3 4 |  4.6
Invocations    | 1 2 3 4 5 |  5.0
Evocations     | 1 2 3 4 |  4.6
Hexes          | 1 2 3 |  3.8
Summonings     | 1 2 3 |  3.8
Necromancy     | 1 2 3 |  3.8
Translocations | 1 2 3 |  3.8
Transmutations | 1 2 3 |  3.8
Fire Magic     | 1 2 3 |  3.8
Ice Magic      | 1 2 3 |  3.8
Air Magic      | 1 2 3 |  3.8
Earth Magic    | 1 2 3 |  3.8
Poison Magic   | 1 2 3 |  3.8
Fighting       | 5 6 |  6.5
Dodging        | 5 6 |  6.5
Long Blades    | 7 8 |  8.1
Conjurations   | 6 |  6.7

Action                   |  1- 3 |  4- 6 |  7- 9 || total
-------------------------+-------+-------+-------++-------
Melee: Falchion          |    77 |       |    32 ||   109
       Punch             |     3 |     5 |    19 ||    27
       Bite              |     6 |    20 |    63 ||    89
       Dagger            |       |   225 |   436 ||   661
       Unarmed           |       |       |    11 ||    11
Throw: Boomerang         |       |       |    13 ||    13
       Dart              |       |       |     8 ||     8
 Cast: Momentum Strike   |       |       |     3 ||     3
       Tukima's Dance    |       |       |     7 ||     7
       Spider Form       |       |       |     1 ||     1
Evoke: Wand              |       |       |    11 ||    11
  Use: Scroll            |       |     4 |     9 ||    13
       Potion            |       |       |     3 ||     3
 Stab: Sleeping          |       |     2 |     5 ||     7
Armor: Leather armour    |    12 |       |       ||    12
       Scale mail        |    23 |     2 |       ||    25
       Robe              |       |    96 |   204 ||   300
       Skin              |       |       |    12 ||    12
Dodge: Dodged            |    54 |   140 |   326 ||   520
Block: Other             |       |     5 |   107 ||   112

Table legend: (Time is in decaauts)
 A = Elapsed time spent in this place.
 B = Non-inter-level travel time spent in this place.
 C = Inter-level travel time spent in this place.
 D = Time resting spent in this place.
 E = Time spent auto-exploring this place.
 F = Levels seen in this place.
 G = Mean time per level.
                   A        B        C        D        E       F      G
               +--------+--------+--------+--------+--------+-----+--------+
         Total |   6708 |   6472 |    236 |    914 |   4143 |   7 |  958.3 |
       Dungeon |   6708 |   6472 |    236 |    914 |   4143 |   7 |  958.3 |
               +--------+--------+--------+--------+--------+-----+--------+

Top non-repeatable levels by time:
     D:5: 1708 daAuts
     D:6: 1404 daAuts
     D:1: 1074 daAuts
     D:2: 883 daAuts
     D:4: 754 daAuts
     D:3: 711 daAuts
     D:7: 171 daAuts
